 Dungeon Crawl Stone Soup version 0.30-a0-210-g01b79a254e (webtiles) character file.

Game seed: 6939993286834740659

272 LnG the Sneak (level 6, -2/34 HPs)
             Began as a Kobold Summoner on Oct 5, 2022.
             Slain by an orc
             ... wielding a +0 hand axe
              (4 damage)
             ... on level 4 of the Dungeon.
             The game lasted 00:04:51 (3161 turns).

LnG the Sneak (Kobold Summoner)                     Turns: 3161, Time: 00:04:52

Health: -2/34      AC:  3    Str:  5    XL:     6   Next: 48%
Magic:  8/10       EV: 15    Int: 18    God:
Gold:   94         SH:  0    Dex: 16    Spells: 4/10 levels left

rFire   . . .      SeeInvis .    g - +4 dagger
rCold   . . .      Faith    .    (no shield)
rNeg    . . .      Spirit   .    a - +0 robe
rPois   .          Reflect  .    l - +0 helmet
rElec   .          Harm     .    (no cloak)
rCorr   .          Rampage  .    (no gloves)
Will    .....                    (no boots)
Stlth   ++++......               (no amulet)
HPRegen 0.25/turn                (no ring)
MPRegen 0.12/turn                (no ring)

@: mighty
A: small, no large weapons, nightstalker 3
a: no special abilities


You were on level 4 of the Dungeon.
You visited 1 branch of the dungeon, and saw 4 of its levels.

You collected 94 gold pieces.

Inventory:

Hand Weapons
 g - a +4 dagger (weapon)
Armour
 a - a +0 robe (worn)
 l - a +0 helmet (worn)
Jewellery
 k - an amulet of faith
 m - an amulet of guardian spirit
Wands
 o - a wand of polymorph (7)
Scrolls
 f - 2 scrolls of amnesia {unknown}
 h - a scroll of identify {unknown}
 j - a scroll of teleportation
 n - a scroll of brand weapon {unknown}
Potions
 b - a potion of magic
 c - a potion of might
 d - a potion of degeneration {unknown}
 e - a potion of cancellation {unknown}
 i - 3 potions of curing {unknown}


   Skills:
 + Level 1.3 Fighting
 + Level 2.8 Short Blades
 + Level 3.1 Dodging
 * Level 6.5 Stealth
 - Level 0.2 Unarmed Combat
 + Level 2.6 Spellcasting
 + Level 4.5 Summonings


You had 4 spell levels left.
You knew the following spells:

 Your Spells              Type           Power      Damage    Failure   Level
a - Summon Small Mammal   Summ           72%        N/A       2%          1
b - Call Imp              Summ           18%        N/A       4%          2
c - Call Canine Familiar  Summ           18%        N/A       8%          3

Your spell library contained the following spells:

 Spells                   Type           Power      Damage    Failure   Level
 Summon Guardian Golem    Hex/Summ       10%        N/A       21%         3
 Cigotuvi's Dreadful Rot  Necr/Pois/Air  4%         N/A       26%         2
 Poisonous Vapours        Pois/Air       4%         N/A       26%         2
 Mephitic Cloud           Conj/Pois/Air  2%         N/A       45%         3
 Summon Lightning Spire   Summ/Air       10%        N/A       54%         4


Dungeon Overview and Level Annotations

Branches:
Dungeon (4/15)
 Temple: D:4-7

Altars:


Innate Abilities, Weirdness & Mutations

You are small and have problems with some larger weapons.
You are completely attuned to the shadows.


Message History

Casting: Call Canine Familiar (dangerous; 8% risk of failure)
Confirm with . or Enter, or press ? or * to list all spells.
You don't know that spell.
Casting: Call Canine Familiar (dangerous; 8% risk of failure)
Confirm with . or Enter, or press ? or * to list all spells.
You don't know that spell.
Casting: Call Canine Familiar (dangerous; 8% risk of failure)
Confirm with . or Enter, or press ? or * to list all spells.
You don't know that spell.
Casting: Call Canine Familiar (dangerous; 8% risk of failure)
Confirm with . or Enter, or press ? or * to list all spells.
Something hits you! The goblin hits you with a +0 dagger.
You barely miss the goblin. Your hound misses the goblin. Something hits you.
The goblin misses you.
You hit the goblin.
The goblin is severely wounded.
Your hound barely misses the goblin.
The goblin hits you but does no damage. Something barely misses you.
You hit the goblin.
You kill the goblin!
Your hound bites something but does no damage.
You swap places.
Something hits you.
* * * LOW HITPOINT WARNING * * *
Something barely misses your hound.
Your hound barely misses something.
Things that are here:
a +0 dagger; a goblin corpse You miss something.
Your hound bites something.
Something hits you.
* * * LOW HITPOINT WARNING * * *
Something barely misses your hound.
Your hound closely misses something.
You hit something but do no damage. Something hits you.
* * * LOW HITPOINT WARNING * * *
Something hits your hound.
Your hound barely misses something.
You hit something but do no damage. Something hits you.
* * * LOW HITPOINT WARNING * * *
Something closely misses your hound.
Your hound barely misses something.
It was a potion of might.
You feel very mighty all of a sudden.
Your hound bites something but does no damage.
Something hits you.
You die...

.....# .....#
#....###. #........#
... #. ..........##
... ##.#
#####..###..# ...
... #.....## #.##...
#.##{##.######o.<##
#..@h.).....o.......
#..####'#######o####
#.###...).## ....
... ##...$.###o...
#.. ##.....#
##..)..# ##..?..
###h## ..


You could see a friendly hound (summoned).

Vanquished Creatures
  An ogre (D:3)
  A jelly (D:4)
  Jessica (D:3)
  An iguana (D:4)
  3 adders
  2 dart slugs (D:2)
  3 orcs (D:4)
  6 endoplasms
  A giant cockroach (D:1)
  4 goblins
  3 hobgoblins
  3 ball pythons
  3 frilled lizards
  A kobold (D:1)
  4 rats
37 creatures vanquished.

Vanquished Creatures (collateral kills)
  A jelly (D:4)
  A dart slug (D:1)
  A quokka (D:1)
  A ball python (D:1)
  A bat (D:1)
5 creatures vanquished.

Grand Total: 42 creatures vanquished

Notes
Turn   | Place    | Note
-------+----------+-------------------------------------------
     0 | D:1      | LnG the Kobold Summoner began the quest for the Orb.
     0 | D:1      | Reached XP level 1. HP: 10/10 MP: 3/3
   290 | D:1      | Reached XP level 2. HP: 15/15 MP: 1/5
   293 | D:1      | Learned a level 2 spell: Call Imp
  1015 | D:1      | Reached skill level 3 in Stealth
  1442 | D:2      | Reached XP level 3. HP: 19/19 MP: 6/6
  1446 | D:2      | Learned a level 3 spell: Call Canine Familiar
  2316 | D:4      | Reached skill level 1 in Fighting
  2316 | D:4      | Reached skill level 1 in Short Blades
  2316 | D:4      | Reached skill level 4 in Stealth
  2316 | D:4      | Reached XP level 4. HP: 4/25 MP: 3/7
  2599 | D:3      | Found a faded altar of an unknown god.
  2617 | D:3      | Noticed an ogre
  2632 | D:3      | Killed an ogre
  2633 | D:3      | Reached skill level 5 in Stealth
  2633 | D:3      | Reached XP level 5. HP: 29/29 MP: 8/8
  2668 | D:3      | Noticed Jessica
  2675 | D:3      | Killed Jessica
  2676 | D:3      | Reached XP level 6. HP: 34/34 MP: 9/9
  3043 | D:4      | Reached skill level 6 in Stealth
  3125 | D:4      | Noticed a black bear
  3161 | D:4      | Slain by an orc

Illustrated notes

Levels and vault maps discovered:
D:1:      nicolae_arrival_somewhat_less_tricky_arrival, layout_basic,
          serial_co_window_serial, co_window_corner_a,
          co_window_of_opportunity_a, co_window_corner_a,
          co_window_of_opportunity_a, co_window_paths_b,
          co_window_unsneaky_path_c, co_window_paths_c,
          co_window_of_opportunity_c, minmay_misc_feat_chi,
          hangedman_decor_lopped
D:2:      layout_loops_cross
D:3:      layout_basic, hellmonk_ecumenical_altar_blasted, uniq_jessica
D:4:      layout_rooms, gammafunk_ghost_arena, minmay_quadrilaterals

Skill      XL: |  1  2  3  4  5  6 |
---------------+-------------------+-----
Stealth        | 3 4 5 6 |  6.5
Fighting       | 1 |  1.3
Short Blades   | 1 2 |  2.8
Dodging        | 3 |  3.1
Unarmed Combat | |  0.2
Spellcasting   | |  2.6
Summonings     | |  4.5

Action                   |  1- 3 |  4- 6 || total
-------------------------+-------+-------++-------
Melee: Unarmed           |    23 |       ||    23
       Dagger            |    32 |    45 ||    77
       Punch             |       |     1 ||     1
 Cast: Summon Small Mamm |    13 |       ||    13
       Call Canine Famil |     1 |     5 ||     6
       Call Imp          |       |     1 ||     1
  Use: Scroll            |       |     1 ||     1
       Potion            |       |     1 ||     1
 Stab: Sleeping          |    10 |     5 ||    15
Armor: Robe              |     8 |     5 ||    13
Dodge: Dodged            |    35 |    20 ||    55

Table legend: (Time is in decaauts)
 A = Elapsed time spent in this place.
 B = Non-inter-level travel time spent in this place.
 C = Inter-level travel time spent in this place.
 D = Time resting spent in this place.
 E = Time spent auto-exploring this place.
 F = Levels seen in this place.
 G = Mean time per level.
                   A        B        C        D        E       F      G
               +--------+--------+--------+--------+--------+-----+--------+
         Total |   3160 |   3068 |     92 |     96 |   2565 |   4 |  790.0 |
       Dungeon |   3160 |   3068 |     92 |     96 |   2565 |   4 |  790.0 |
               +--------+--------+--------+--------+--------+-----+--------+

Top non-repeatable levels by time:
     D:1: 1435 daAuts
     D:2: 802 daAuts
     D:3: 675 daAuts
     D:4: 247 daAuts
